 Dungeon Crawl Stone Soup version 0.30-a0-718-geaa24f58ff (webtiles) character file.

Game seed: 15165004242722709863

151 avis the Shooter (level 4, -3/38 HPs)
             Began as a Demigod Hunter on Jan 26, 2023.
             Killed from afar by Ijyb (12 damage)
             ... with a bolt of dispelling energy
             ... on level 3 of the Dungeon.
             The game lasted 00:12:58 (1835 turns).

avis the Shooter (Demigod Hunter)                   Turns: 1835, Time: 00:12:58

Health: -3/38      AC:  4    Str: 12    XL:     4   Next: 85%
Magic:  6/6        EV: 13    Int: 11    God:
Gold:   124        SH:  0    Dex: 21    Spells: 3/3 levels left

rFire   . . .      SeeInvis .    b - +2 dagger (venom)
rCold   . . .      Faith    .    (no shield)
rNeg    . . .      Spirit   .    c - +0 leather armour
rPois   .          Reflect  .    o - +0 helmet
rElec   .          Harm     .    (no cloak)
rCorr   .          Rampage  .    (no gloves)
Will    .....                    (no boots)
Stlth   ++                       m - amulet of regeneration
HPRegen 1.06/turn                (no ring)
MPRegen 0.10/turn                (no ring)

@: no status effects
A: high MP 1, forlorn, divine attributes
a: no special abilities


You were on level 3 of the Dungeon.
You visited 1 branch of the dungeon, and saw 3 of its levels.

You collected 124 gold pieces.

Inventory:

Hand Weapons
 a - a +0 shortbow
 b - a +2 dagger of venom (weapon)
 t - a +1 spear of venom
Missiles
 l - 2 curare-tipped darts
 q - 2 throwing nets
Armour
 c - a +0 leather armour (worn)
 o - a +0 helmet (worn)
Jewellery
 g - an amulet of the acrobat
 m - an amulet of regeneration (around neck)
Wands
 r - a wand of flame (9)
Scrolls
 d - a scroll of blinking {unknown}
 e - 5 scrolls of identify {unknown}
 j - a scroll of immolation
 k - a scroll of teleportation {unknown}
Potions
 h - 2 potions of invisibility {unknown}
 i - a potion of degeneration {unknown}
 n - 2 potions of heal wounds {unknown}
 p - a potion of magic {unknown}
 s - a potion of brilliance {unknown}


   Skills:
 - Level 3.0 Fighting
 - Level 4.0 Ranged Weapons
 * Level 3.4 Dodging
 - Level 2.0 Stealth


You had 3 spell levels left.
You didn't know any spells.
Your spell library contained the following spells:

 Spells                   Type           Power      Damage    Failure   Level
 Magic Dart               Conj           0%         1d3       41%         1
 Call Imp                 Summ           0%         N/A       56%         2
 Mephitic Cloud           Conj/Pois/Air  0%         N/A       80%         3


Dungeon Overview and Level Annotations

Branches:
Dungeon (3/15)

Annotations:
D:3 3 runed translucent doors, Ijyb; MachoJfn's ghost, amateur TeRe; elongatedgoose's ghost, weakling DsGl


Innate Abilities, Weirdness & Mutations

You have an increased reservoir of magic. (+10% MP)
You shall have no god before yourself.
Your divine heritage dramatically boosts your attributes as you level up.


Message History

Found a radiant altar of Vehumet.
Things that are here:
a +0 club; a goblin corpse An adder comes into view.
The adder hisses angrily.
Ijyb the Twisted Goblin comes into view.
She is wielding a +3 spectral club and carrying a wand of quicksilver (8).
Fire: a) +0 shortbow
Press: ? - help, Q - select action, (/) - cycle Shift-Dir - straight line, f - adder
Aim: an adder (50% to hit)
You shoot an arrow. The arrow hits the adder.
The adder is moderately wounded.
Your +2 dagger of venom begins to drip with poison!
b - a +2 dagger of venom (weapon)
The adder bites you.
You are poisoned.
The adder poisons you!
You hit the adder.
The adder is heavily wounded.
You feel sick. The adder closely misses you.
You hit the adder.
You kill the adder!
You feel sick. Ijyb hits you with a +3 spectral club!
You hit Ijyb but do no damage.
You feel sick.
Ijyb zaps a wand.
The bolt of dispelling energy hits you!
You barely miss Ijyb.
You feel sick. Ijyb closely misses you.
You barely miss Ijyb.
You feel sick. Ijyb closely misses you.
You closely miss Ijyb.
You feel sick. Ijyb hits you with a +3 spectral club.
* * * LOW HITPOINT WARNING * * *
You hit Ijyb but do no damage.
Ijyb is poisoned.
You feel sick.
You are no longer poisoned.
Ijyb hits you with a +3 spectral club.
* * * LOW HITPOINT WARNING * * *
You feel better. Ijyb screams, "Me stronger than you!"
Ijyb hits you with a +3 spectral club!
* * * LOW HITPOINT WARNING * * *
You closely miss Ijyb.
Ijyb is lightly wounded.
Ijyb zaps a wand.
The bolt of dispelling energy hits you!
You die...

.... .#...
..... #...
+...# #....##
###
#.....###...#
#######@†.....#
........g#....#
..........# ..#
...........# .
_.#........#
...........#
#..)..†....#
....†.)....#
...........#


You could see Ijyb (very poisoned).

Vanquished Creatures
  Robin (D:3)
  2 gnolls
  4 adders
  A dart slug (D:3)
  4 orcs
  A ball python (D:3)
  7 endoplasms
  2 giant cockroaches
  12 goblins
  7 hobgoblins
  6 jackals
  6 kobolds
  3 quokkas
  4 bats
  3 frilled lizards (D:1)
  7 rats
70 creatures vanquished.

Notes
Turn   | Place    | Note
-------+----------+-------------------------------------------
     0 | D:1      | avis the Demigod Hunter began the quest for the Orb.
     0 | D:1      | Reached XP level 1. HP: 17/17 MP: 3/3
    60 | D:1      | Reached skill level 4 in Ranged Weapons
    60 | D:1      | Reached skill level 1 in Stealth
    60 | D:1      | Reached XP level 2. HP: 18/24 MP: 4/4
   435 | D:1      | Reached XP level 3. HP: 29/29 MP: 5/5
  1526 | D:3      | Noticed an ice beast
  1572 | D:2      | Reached XP level 4. HP: 34/38 MP: 6/6
  1662 | D:3      | Found a runed translucent gate.
  1681 | D:3      | Found a runed translucent gate.
  1682 | D:3      | Found a runed translucent gate.
  1683 | D:3      | Noticed MachoJfn's ghost (amateur TeRe)
  1683 | D:3      | Noticed elongatedgoose's ghost (weakling DsGl)
  1745 | D:3      | Noticed Robin
  1778 | D:3      | Killed Robin
  1824 | D:3      | Noticed Ijyb
  1835 | D:3      | Killed from afar by Ijyb

Illustrated notes

Levels and vault maps discovered:
D:1:      sevenhm_arrival_forest_fort_large_2, layout_basic,
          nicolae_ecumenical_lake_church, kennysheep_another_room, minivault_14
D:2:      layout_loops_ring
D:3:      layout_basic, vehumet_altar_wand_db, ashenzari_conservatory_becter,
          mainiacjoe_overflow_brackets, gammafunk_ghost_cemetery, uniq_jessica,
          uniq_robin, uniq_ijyb

Skill      XL: |  1  2  3  4 |
---------------+-------------+-----
Ranged Weapons | 4 |  4.0
Fighting       | 2 3 |  3.0
Dodging        | 2 3 |  3.4
Stealth        | 1 2 |  2.0

Action                     |  1- 3 |  4- 6 || total
---------------------------+-------+-------++-------
  Melee: Dagger            |       |    17 ||    17
   Fire: Shortbow          |    98 |    47 ||   145
    Use: Potion            |       |     3 ||     3
 Armour: Leather armour    |    11 |    10 ||    21
  Dodge: Dodged            |    26 |    25 ||    51

Table legend: (Time is in decaauts)
 A = Elapsed time spent in this place.
 B = Non-inter-level travel time spent in this place.
 C = Inter-level travel time spent in this place.
 D = Time resting spent in this place.
 E = Time spent auto-exploring this place.
 F = Levels seen in this place.
 G = Mean time per level.
                   A        B        C        D        E       F      G
               +--------+--------+--------+--------+--------+-----+--------+
         Total |   1887 |   1615 |    272 |     71 |   1026 |   3 |  629.0 |
       Dungeon |   1887 |   1615 |    272 |     71 |   1026 |   3 |  629.0 |
               +--------+--------+--------+--------+--------+-----+--------+

Top non-repeatable levels by time:
     D:1: 885 daAuts
     D:2: 764 daAuts
     D:3: 236 daAuts
